 Dungeon Crawl Stone Soup version 0.30.0-20-g3615ddf2f0 (webtiles) character file.

Game seed: 11307900918601929164

120595 qw the Peltast (level 16, -2/101 HPs)
             Began as a Gargoyle Fighter on May 30, 2023.
             Was an Elder of Okawaru.
             Slain by a ghost moth (9 damage)
             ... on level 1 of the Spider Nest.
             The game lasted 00:17:13 (24537 turns).

qw the Peltast (Gargoyle Fighter)                  Turns: 24537, Time: 00:17:13

Health: -2/101     AC: 44    Str: 25 (26) XL:     16   Next: 82%
Magic:  0/23       EV: 12    Int: 11 (14) God:    Okawaru [****..]
Gold:   940        SH: 29    Dex:  7 (8)  Spells: 15/15 levels left

rFire   . . .        Y - +3 broad axe (flame)
rCold   + + .        i - +6 tower shield of Bedevilment {rPois rC++ Will++}
rNeg    + . .        u - +2 plate armour
rPois   inf          l - +2 helmet
rElec   +            f - +2 cloak
rCorr   .            p - +2 pair of gloves
SInv    .            (no boots)
Will    +++..        j - amulet of reflection Stlth
                     k - +4 ring of protection
HPRegen 0.36/turn    v - +5 ring of evasion
MPRegen 0.18/turn

%: reflection
@: flying
A: sickness immunity, AC +12, big wings, negative energy resistance 1,
electricity resistance, torment resistance 1, petrification resistance, hooves
1, clever 1
a: Renounce Religion, Heroism, Finesse


You were on level 1 of the Spider Nest.
You worshipped Okawaru.
Okawaru was greatly pleased with you.
You visited 4 branches of the dungeon, and saw 23 of its levels.
You visited the Abyss 1 time.
You also visited: Ossuary and Gauntlet.

You collected 2667 gold pieces.
You spent 1727 gold pieces at shops.


Innate Abilities, Weirdness & Mutations

You are immune to sickness and miasma.
Your stone body is resilient. (AC +12)
You are immune to poison.
Your large and strong wings let you fly.
You resist negative energy. (rN+)
You are resistant to electric shocks. (rElec)
You are resistant to unholy torment.
You are immune to petrification.
You have large cloven feet.
Your mind is acute. (Int +4, Str/Dex -1)


   Skills:
 - Level 12.0 Fighting
 + Level 16.5 Axes
 - Level 6.0 Throwing
 - Level 12.0 Armour
 - Level 2.2 Dodging
 - Level 17.0 Shields
 - Level 10.0 Invocations


You had 15 spell levels left.
You didn't know any spells.
Your spell library was empty.

Inventory:

Hand Weapons
 Y - a +3 broad axe of flaming (weapon)
Missiles
 w - 10 boomerangs (quivered)
Armour
 f - a +2 cloak (worn)
 i - the +6 tower shield of Bedevilment (worn) {rPois rC++ Will++}
   (You acquired it on level 3 of the Dungeon)

   rC:        It greatly protects you from cold.
   rPois:     It protects you from poison.
   Will:      It greatly increases your willpower.
 l - a +2 helmet (worn)
 p - a +2 pair of gloves (worn)
 t - the +6 scale mail "Uruup" {Harm Will++ Regen+ Str-3}
   (Okawaru gifted it to you on level 2 of the Lair of Beasts)

   Str:       It affects your strength (-3).
   Regen:     It increases your rate of health regeneration.
   Harm:      It increases damage dealt and taken.
   Will:      It greatly increases your willpower.
 u - a +2 plate armour (worn)
Jewellery
 j - an amulet of reflection (around neck)
 k - a +4 ring of protection (left hand)
 v - a +5 ring of evasion (right hand)
Wands
 r - a wand of digging (19)
Scrolls
 h - 6 scrolls of identify
 o - 11 scrolls of teleportation
Potions
 a - 9 potions of lignification
 b - 4 potions of cancellation
 c - 4 potions of magic
 d - 3 potions of might
 e - 3 potions of resistance
 g - 10 potions of curing
 m - 4 potions of heal wounds
 q - 3 potions of haste
 x - 7 potions of attraction
 z - 3 potions of mutation

Dungeon Overview and Level Annotations

Branches:
Dungeon (15/15)            Temple (0/1) D:7            Lair (5/5) D:10
 Shoals (0/4) Lair:2       Spider (1/4) Lair:3        Slime (0/5) Lair:4
    Orc (2/2) D:11            Elf (0/3) Orc:2        Vaults (0/5) D:13
 Depths (0/4) D:15        Ossuary (visited)         Gauntlet (visited)

Altars:
Ashenzari
Dithmenos
Elyvilon
Gozag
Hepliaklqana
Kikubaaqudgha
Makhleb
Okawaru
Qazlal
Ru
Sif Muna
The Shining One

Shops:
D:14 ?*:!   Orc:1 ?   Orc:2 !:(([

Annotations:
D:4 1 runed translucent door, Crazy Yiuf
D:12 1 runed translucent door, Tinen's ghost, journeyman TrMo
Lair:2 2 transporters, qw's ghost, journeyman GrFi


Message History

You hit something but do no damage.
Something hits you but does no damage. x2
Something stings you but does no damage.
You miss something. Your kick misses something.
You block something's attack. x2
Something stings you but does no damage.
You miss something. You kick something.
You feel you are being watched by something.
Something hits you! Something hits you but does no damage.
You block something's attack.
You barely miss something. Your kick misses something.
You block something's attack. x2
Something stings you but does no damage.
You completely miss something.
You feel you are being watched by something.
You feel your power leaking away. Something hits you!
You feel dopey. Something hits you!
You feel dopey.
Something stings you but does no damage.
You barely miss something. Your kick misses something.
You feel you are being watched by something.
Something hits you! Something hits you but does no damage.
Something barely misses you.
You miss something.
You feel you are being watched by something.
You block something's attack. Something hits you!
You feel clumsy. Something stings you!
You hit something. You burn something. Your kick misses something.
Something hits you but does no damage. You block something's attack.
Something stings you but does no damage.
You miss something. Your kick misses something.
Something hits you but does no damage. You block something's attack.
Something stings you but does no damage.
You slash something! You burn something. Your kick misses something.
You feel you are being watched by something.
Something hits you!
You die...

.#^. ##....##....
...s# ##..#.##...#.
.....# #..#.....#.#.
##....# #..#......#..
#....^.##
#.....#^###..
#......####..#(...####
##...#######.^#
######....####...#.#
#.....@#..#.......## #
##.....{.###......## #
##.##...#......#..# #
######..##....#..####
#......#####...#.#
##......###...####
###)...#...####
####.#...(##.....#
#.......?####....##


There were no monsters in sight!

Vanquished Creatures
  Rupert (Lair:4)
  A lich (Abyss:2)
  A tentacled starspawn (Abyss:2)
  Frances (D:12)
  A fire giant (shapeshifter) (D:13)
  A juggernaut zombie (D:15)
  A minotaur (Gauntlet)
  3 spark wasps (Spider:1)
  A crystal guardian (D:13)
  An ettin (Orc:1)
  Snorg (Orc:2)
  2 entropy weavers (shapeshifter)
  An entropy weaver (Spider:1)
  2 vault guards (D:13)
  A fire dragon (Lair:5)
  A quicksilver dragon zombie (D:15)
  Fannar (Lair:1)
  5 hydras
  2 catoblepae (D:13)
  A jorogumo (Spider:1)
  3 centaur warriors
  7 boulder beetles
  2 radroaches (Spider:1)
  A tengu warrior (D:12)
  2 two-headed ogres
  2 thrashing horrors (Abyss:2)
  A vampire mage (D:15)
  4 orc high priests (Orc:2)
  Nergalle (Lair:3)
  Sonja (Lair:3)
  A skyshark (Lair:3)
  2 pharaoh ants (Spider:1)
  A titan skeleton (D:15)
  An orb spider (Spider:1)
  2 skeletal warriors (D:15)
  A sea snake (shapeshifter) (D:15)
  A swamp dragon (Lair:5)
  A bunyip skeleton (Abyss:2)
  3 wizards
  14 ugly things
  Pikel (D:4)
  5 orc knights (Orc:2)
  A steelbarb worm (Spider:1)
  4 necromancers
  5 cyclopes
  5 orc sorcerers
  4 wolf spiders (Spider:1)
  Maurice (D:9)
  2 moths of wrath (Spider:1)
  A worldbinder (Abyss:2)
  3 manticores
  15 elephants
  A guardian serpent (shapeshifter) (D:13)
  5 black mambas
  A demonic crawler (Spider:1)
  An eye of devastation (Gauntlet)
  2 smoke demons (Abyss:2)
  3 torpor snails
  3 apocalypse crabs (Abyss:2)
  A cane toad (shapeshifter) (D:14)
  2 unseen horrors
  Maggie (D:6)
  A kobold demonologist (D:12)
  7 cane toads
  12 komodo dragons
  9 rime drakes
  A yaktaur (D:13)
  A freezing wraith (D:15)
  A tengu conjurer (D:12)
  3 ancient zymes (Abyss:2)
  8 trolls
  A merfolk (Lair:2)
  2 polar bears
  3 meliai (D:13)
  2 hornets
  6 tarantellas (Spider:1)
  2 hellwings (Abyss:2)
  An ettin zombie (D:15)
  6 raiju (Abyss:2)
  12 blink frogs
  4 large abominations (Abyss:2)
  9 jumping spiders
  5 slime creatures
  A shadow (D:11)
  Sigmund (D:6)
  2 vampires
  2 culicivoras (Spider:1)
  Eustachio (D:5)
  6 wyverns
  A chaos spawn (Abyss:2)
  54 yaks
  A golden eye (Gauntlet)
  A neqoxec (Abyss:2)
  19 humans (D:13)
  18 vampire mosquitoes
  A basilisk (D:12)
  20 redbacks
  3 steam dragons
  3 acid dragons
  21 water moccasins
  A floating eye (Gauntlet)
  24 orc warriors
  A sky beast (D:7)
  2 small abominations (Abyss:2)
  5 black bears
  An ice beast (D:7)
  3 ogres
  5 wolves (Gauntlet)
  16 centaurs
  3 lemures (D:4)
  2 elf zombies (Ossuary)
  4 kobold brigands
  10 bullfrogs
  5 gnoll sergeants (D:11)
  2 scorpions (D:6)
  9 wights
  3 electric eels
  4 centaur zombies (Ossuary)
  3 hounds
  18 orc priests
  7 jellies
  23 iguanas
  16 orc wizards
  4 polar bear simulacra (Lair:3)
  3 yak simulacra (Lair:3)
  3 wolf simulacra (Lair:3)
  2 hound zombies (Ossuary)
  3 mummies (Ossuary)
  Robin (D:4)
  11 gnolls
  8 adders
  13 white imps
  3 adder zombies (Ossuary)
  A worm (D:2)
  3 dart slugs
  66 orcs
  3 bats
  9 endoplasms
  6 giant cockroaches
  17 goblins
  11 hobgoblins
  4 jackals
  2 quokkas
  5 ball pythons
  19 frilled lizards
  3 goblin zombies (Ossuary)
  2 hobgoblin zombies (Ossuary)
  A jackal zombie (Ossuary)
  15 kobolds
  4 kobold zombies (Ossuary)
  2 orc zombies (Ossuary)
  5 quokka zombies (Ossuary)
  9 rats
  6 rat zombies (Ossuary)
  A river rat simulacrum (Lair:3)
  A lurking horror (Abyss:2)
  A starspawn tentacle (Abyss:2)
812 creatures vanquished.

Vanquished Creatures (others)
  An orc wizard (D:3)
  A frilled lizard (D:10)
  2 kobolds
  2 starspawn tentacles (Abyss:2)
6 creatures vanquished.

Grand Total: 818 creatures vanquished

Notes
Turn   | Place    | Note
-------+----------+-------------------------------------------
     0 | D:1      | qw the Gargoyle Fighter began the quest for the Orb.
     0 | D:1      | Reached XP level 1. HP: 14/14 MP: 1/1
     0 | D:1      | 0 ||| qw: Version: 0.2-a-102-g2b76a06
     0 | D:1      | 0 ||| qw: Game counter: 479
     0 | D:1      | 0 ||| qw: Always use a shield: true
     0 | D:1      | 0 ||| qw: God list: Okawaru
     0 | D:1      | 0 ||| qw: Allow faded altars: false
     0 | D:1      | 0 ||| qw: Do Orc after D:15 true
     0 | D:1      | 0 ||| qw: Do second Lair branch before Depths: true
     0 | D:1      | 0 ||| qw: Lair rune preference: random
     0 | D:1      | 0 ||| qw: Plans: Normal, Zot:1-4, Slime:5, God:TSO, Crypt,
                  | Tomb, Pan, Hells, Abyss, Win
     0 | D:1      | 0 ||| PLANNING D:1-11
    48 | D:1      | 48 ||| Stepping ~*~*~tactically~*~*~ (hiding).
   127 | D:1      | Reached XP level 2. HP: 19/19 MP: 2/2
   315 | D:1      | 315 ||| Stepping ~*~*~tactically~*~*~ (stealth).
   317 | D:1      | 317 ||| Stepping ~*~*~tactically~*~*~ (stealth).
   328 | D:1      | Reached skill level 3 in Axes
   341 | D:1      | Reached XP level 3. HP: 22/23 MP: 3/3
   475 | D:1      | 475 ||| Stepping ~*~*~tactically~*~*~ (stealth).
   479 | D:1      | 479 ||| Stepping ~*~*~tactically~*~*~ (stealth).
   597 | D:1      | 597 ||| Stepping ~*~*~tactically~*~*~ (stealth).
   656 | D:1      | 656 ||| UPGRADING to +0 chain mail.
   666 | D:1      | 666 ||| DROPPING +0 scale mail.
   667 | D:1      | 667 ||| UPGRADING to +4 ring of protection.
   668 | D:1      | 668 ||| DROPPING ring of wizardry.
   669 | D:1      | 669 ||| READING 3 scrolls labelled ISEJUG MOYBIBB.
   670 | D:1      | 670 ||| READING scroll labelled TUVUUP DAEJ.
   771 | D:1      | 771 ||| READING 2 scrolls labelled NALI MIZUPIASM.
   772 | D:1      | 772 ||| READING scroll labelled LYDEYGHEONAY.
   776 | D:1      | 776 ||| READING scroll labelled PUNWEL ASTIRAO.
   777 | D:1      | 777 ||| READING scroll labelled RAUKIE PIUPAAX.
   778 | D:1      | 778 ||| DRINKING 2 green potions.
   779 | D:1      | 779 ||| DRINKING 2 coppery potions.
   779 | D:1      | Gained mutation: You have a pair of small horns on your
                  | head. [potion of mutation]
   779 | D:1      | Gained mutation: Armour fits poorly on your strangely
                  | shaped body. [potion of mutation]
   779 | D:1      | Gained mutation: You occasionally shout uncontrollably at
                  | your foes. [potion of mutation]
   780 | D:1      | 780 ||| DRINKING potion of mutation.
   780 | D:1      | Lost mutation: You occasionally shout uncontrollably at
                  | your foes. [potion of mutation]
   780 | D:1      | Lost mutation: Armour fits poorly on your strangely shaped
                  | body. [potion of mutation]
   780 | D:1      | Lost mutation: You have a pair of small horns on your head.
                  | [potion of mutation]
   780 | D:1      | Gained mutation: Your mind is acute. (Int +4, Str/Dex -1)
                  | [potion of mutation]
   780 | D:1      | Gained mutation: You sometimes lose your temper in combat.
                  | [potion of mutation]
   780 | D:1      | Lost mutation: You sometimes lose your temper in combat.
                  | [potion of mutation]
   781 | D:1      | 781 ||| DROPPING 2 scrolls of noise.
  1003 | D:2      | 1003 ||| Stepping ~*~*~tactically~*~*~ (stealth).
  1015 | D:2      | Reached XP level 4. HP: 27/28 MP: 4/4
  1184 | D:2      | 1184 ||| READING 4 scrolls of identify.
  1184 | D:2      | 1184 ||| IDENTIFYING emerald potion
  1247 | D:3      | 1247 ||| Stepping ~*~*~tactically~*~*~ (stealth).
  1250 | D:3      | 1250 ||| Stepping ~*~*~tactically~*~*~ (stealth).
  1254 | D:3      | 1254 ||| Stepping ~*~*~tactically~*~*~ (stealth).
  1296 | D:3      | 1296 ||| Stepping ~*~*~tactically~*~*~ (stealth).
  1298 | D:3      | 1298 ||| Stepping ~*~*~tactically~*~*~ (stealth).
  1324 | D:3      | Found a burning altar of Makhleb.
  1372 | D:3      | 1372 ||| Stepping ~*~*~tactically~*~*~ (stealth).
  1374 | D:3      | 1374 ||| Stepping ~*~*~tactically~*~*~ (stealth).
  1472 | D:3      | Reached XP level 5. HP: 32/32 MP: 5/5
  1567 | D:3      | Found a sacrificial altar of Ru.
  1755 | D:3      | Found a shimmering blue altar of Sif Muna.
  1757 | D:3      | 1757 ||| UPGRADING to +1 chain mail of poison resistance.
  1782 | D:3      | 1782 ||| Stepping randomly (disturbance).
  1784 | D:3      | 1784 ||| Stepping randomly (disturbance).
  1786 | D:3      | 1786 ||| Stepping randomly (disturbance).
  1801 | D:3      | HP: 8/32 [something (1)]
  1895 | D:3      | 1895 ||| DROPPING +0 chain mail.
  1896 | D:3      | 1896 ||| UPGRADING to +0 helmet.
  2002 | D:3      | 2002 ||| DROPPING amulet of magic regeneration.
  2003 | D:3      | 2003 ||| READING scroll labelled QOICOT MAMPIX.
  2003 | D:3      | Identified a scroll of acquirement
  2003 | D:3      | 2003 ||| ACQUIRING +6 tower shield of Bedevilment {rPois
                  | rC++ Will++}
  2003 | D:3      | Acquired the +6 tower shield of Bedevilment {rPois rC++
                  | Will++}
  2005 | D:3      | 2005 ||| UPGRADING to +6 tower shield of Bedevilment {rPois
                  | rC++ Will++}.
  2015 | D:3      | 2015 ||| DROPPING +0 buckler.
  2016 | D:3      | 2016 ||| READING scroll labelled REXEVO UXKAUSOA.
  2017 | D:3      | 2017 ||| READING 3 scrolls of identify.
  2017 | D:3      | 2017 ||| IDENTIFYING glowing brown potion
  2018 | D:3      | 2018 ||| DROPPING potion of brilliance.
  2054 | D:4      | You fall into a shaft and drop 1 floor!
  2054 | D:5      | Entered Level 5 of the Dungeon
  2054 | D:5      | Found an iron altar of Okawaru.
  2055 | D:5      | 2055 ||| PLANNING OKAWARU WORSHIP
  2112 | D:5      | Found a hazy altar of Hepliaklqana.
  2360 | D:5      | Reached skill level 4 in Shields
  2456 | D:5      | Found a sand-covered staircase.
  2457 | D:5      | Noticed Eustachio
  2489 | D:5      | Killed Eustachio
  2490 | D:5      | Reached skill level 5 in Shields
  2490 | D:5      | Reached XP level 6. HP: 17/37 MP: 6/6
  2571 | Ossuary  | Entered an ossuary
  2579 | Ossuary  | 2579 ||| Stepping ~*~*~tactically~*~*~ (stealth).
  2581 | Ossuary  | 2581 ||| Stepping ~*~*~tactically~*~*~ (stealth).
  2582 | Ossuary  | 2582 ||| Stepping ~*~*~tactically~*~*~ (stealth).
  2584 | Ossuary  | 2584 ||| Stepping ~*~*~tactically~*~*~ (stealth).
  2645 | Ossuary  | Reached skill level 6 in Shields
  2645 | Ossuary  | Reached XP level 7. HP: 35/41 MP: 7/7
  2645 | Ossuary  | 2645 ||| FLEEEEING.
  2791 | Ossuary  | Reached skill level 7 in Shields
  2964 | Ossuary  | 2964 ||| READING scroll labelled IHOMAE SYUGULA.
  2971 | D:5      | 2971 ||| PLANNING OKAWARU WORSHIP
  3004 | D:5      | Became a worshipper of Warmaster Okawaru
  3004 | D:5      | 3004 ||| PLANNING D:1-11
  3026 | D:4      | Found an ancient bone altar of Kikubaaqudgha.
  3034 | D:4      | 3034 ||| Stepping randomly (stuck).
  3035 | D:4      | 3035 ||| Stepping randomly (stuck).
  3036 | D:4      | 3036 ||| Stepping randomly (stuck).
  3037 | D:4      | 3037 ||| Stepping randomly (stuck).
  3038 | D:4      | 3038 ||| Stepping randomly (stuck).
  3039 | D:4      | 3039 ||| Stepping randomly (stuck).
  3040 | D:4      | 3040 ||| Stepping randomly (stuck).
  3041 | D:4      | 3041 ||| Stepping randomly (stuck).
  3042 | D:4      | 3042 ||| Stepping randomly (stuck).
  3043 | D:4      | 3043 ||| Stepping randomly (stuck).
  3044 | D:4      | 3044 ||| Stepping randomly (stuck).
  3045 | D:4      | 3045 ||| Stepping randomly (stuck).
  3046 | D:4      | 3046 ||| Stepping randomly (stuck).
  3047 | D:4      | 3047 ||| Stepping randomly (stuck).
  3048 | D:4      | 3048 ||| Stepping randomly (stuck).
  3049 | D:4      | 3049 ||| Stepping randomly (stuck).
  3050 | D:4      | 3050 ||| Stepping randomly (stuck).
  3051 | D:4      | 3051 ||| Stepping randomly (stuck).
  3052 | D:4      | 3052 ||| Stepping randomly (stuck).
  3053 | D:4      | 3053 ||| Stepping randomly (stuck).
  3054 | D:4      | 3054 ||| Stepping randomly (stuck).
  3055 | D:4      | 3055 ||| Stepping randomly (stuck).
  3056 | D:4      | 3056 ||| Stepping randomly (stuck).
  3057 | D:4      | 3057 ||| Stepping randomly (stuck).
  3058 | D:4      | 3058 ||| Stepping randomly (stuck).
  3059 | D:4      | 3059 ||| Stepping randomly (stuck).
  3060 | D:4      | 3060 ||| Stepping randomly (stuck).
  3061 | D:4      | 3061 ||| Stepping randomly (stuck).
  3062 | D:4      | 3062 ||| Stepping randomly (stuck).
  3063 | D:4      | 3063 ||| Stepping randomly (stuck).
  3064 | D:4      | 3064 ||| Stepping randomly (stuck).
  3065 | D:4      | 3065 ||| Stepping randomly (stuck).
  3066 | D:4      | 3066 ||| Stepping randomly (stuck).
  3067 | D:4      | 3067 ||| Stepping randomly (stuck).
  3068 | D:4      | 3068 ||| Stepping randomly (stuck).
  3069 | D:4      | 3069 ||| Stepping randomly (stuck).
  3070 | D:4      | 3070 ||| Stepping randomly (stuck).
  3071 | D:4      | 3071 ||| Stepping randomly (stuck).
  3072 | D:4      | 3072 ||| Stepping randomly (stuck).
  3073 | D:4      | 3073 ||| Stepping randomly (stuck).
  3074 | D:4      | 3074 ||| Stepping randomly (stuck).
  3075 | D:4      | 3075 ||| Stepping randomly (stuck).
  3076 | D:4      | 3076 ||| Stepping randomly (stuck).
  3077 | D:4      | 3077 ||| Stepping randomly (stuck).
  3078 | D:4      | 3078 ||| Stepping randomly (stuck).
  3079 | D:4      | 3079 ||| Stepping randomly (stuck).
  3080 | D:4      | 3080 ||| Stepping randomly (stuck).
  3081 | D:4      | 3081 ||| Stepping randomly (stuck).
  3082 | D:4      | 3082 ||| Stepping randomly (stuck).
  3083 | D:4      | 3083 ||| Stepping randomly (stuck).
  3084 | D:4      | 3084 ||| Stepping randomly (stuck).
  3085 | D:4      | 3085 ||| READING 2 scrolls of teleportation.
  3134 | D:4      | 3134 ||| Stepping ~*~*~tactically~*~*~ (hiding).
  3147 | D:4      | Reached skill level 8 in Shields
  3193 | D:4      | Found a stormy altar of Qazlal.
  3194 | D:4      | Noticed a water elemental
  3329 | D:4      | Noticed a fire elemental
  3329 | D:4      | Noticed an air elemental
  3490 | D:4      | Noticed Robin
  3491 | D:4      | 3491 ||| Stepping ~*~*~tactically~*~*~ (stealth).
  3492 | D:4      | 3492 ||| Stepping ~*~*~tactically~*~*~ (stealth).
  3494 | D:4      | 3494 ||| Stepping ~*~*~tactically~*~*~ (hiding).
  3509 | D:4      | Killed Robin
  3563 | D:4      | Found a burning altar of Makhleb.
  3604 | D:4      | Noticed Pikel
  3612 | D:4      | Reached skill level 1 in Throwing
  3617 | D:4      | HP: 8/41 [Pikel/+0 whip of freezing (4)]
  3618 | D:4      | 3618 ||| READING 4 scrolls of teleportation.
  3618 | D:4      | HP: 1/41 [lemure[Pikel] (7)]
  3619 | D:4      | 3619 ||| DRINKING 2 potions of heal wounds.
  3803 | D:4      | Found a runed translucent door.
  3804 | D:4      | Noticed Crazy Yiuf
  3833 | D:4      | HP: 10/41 [lemure[Pikel] (5)]
  3834 | D:4      | 3834 ||| READING 3 scrolls of teleportation.
  3835 | D:4      | 3835 ||| DRINKING potion of heal wounds.
  3976 | D:4      | 3976 ||| Stepping ~*~*~tactically~*~*~ (stealth).
  4004 | D:4      | Killed Pikel
  4004 | D:4      | Reached * piety under Okawaru
  4005 | D:4      | Reached skill level 9 in Shields
  4005 | D:4      | Reached XP level 8. HP: 25/46 MP: 8/8
  4368 | D:4      | 4368 ||| UPGRADING to amulet of reflection.
  4373 | D:4      | 4373 ||| READING scroll labelled LAESHR WOIQOYGH.
  4374 | D:4      | 4374 ||| DRINKING 2 grey potions.
  4375 | D:4      | 4375 ||| READING 2 scrolls of identify.
  4375 | D:4      | 4375 ||| IDENTIFYING fizzy yellow potion
  4571 | D:5      | Identified the +4 long sword "Zugot" {elec, rElec rC+ Str+2
                  | Int-4 SInv}
  4798 | D:5      | 4798 ||| INVOKING Heroism.
  4799 | D:5      | 4799 ||| INVOKING Heroism.
  4805 | D:5      | Reached skill level 1 in Invocations
  4990 | D:5      | 4990 ||| READING scroll labelled ICYZOE VYGHUGOJ.
  5058 | D:6      | 5058 ||| STAIRDANCE
  5129 | D:6      | 5129 ||| READING scroll of enchant armour.
  5129 | D:6      | 5129 ||| ENCHANTING +0 helmet.
  5151 | D:6      | 5151 ||| INVOKING Heroism.
  5204 | D:6      | 5204 ||| INVOKING Heroism.
  5207 | D:6      | Noticed a hornet
  5213 | D:6      | Reached skill level 3 in Invocations
  5213 | D:6      | Reached XP level 9. HP: 44/52 MP: 9/11
  5218 | D:6      | Killed a hornet
  5293 | D:6      | Noticed Maggie
  5295 | D:6      | 5295 ||| INVOKING Heroism.
  5311 | D:6      | Killed Maggie
  5311 | D:6      | Reached ** piety under Okawaru
  5312 | D:6      | Reached skill level 6 in Axes
  5391 | D:6      | Noticed Sigmund
  5392 | D:6      | 5392 ||| INVOKING Heroism.
  5401 | D:6      | Killed Sigmund
  5402 | D:6      | Reached skill level 10 in Shields
  5639 | D:6      | Found an opulent altar of Gozag.
  5735 | D:6      | 5735 ||| INVOKING Heroism.
  5744 | D:6      | Reached skill level 1 in Dodging
  5935 | D:6      | 5935 ||| UPGRADING to +0 pair of gloves.
  5940 | D:6      | 5940 ||| UPGRADING to +0 plate armour.
  5950 | D:6      | 5950 ||| DROPPING +1 chain mail of poison resistance.
  5951 | D:6      | 5951 ||| READING scroll labelled FIEMUKHOTO.
  6011 | D:7      | 6011 ||| INVOKING Heroism.
  6053 | D:7      | Found a staircase to the Ecumenical Temple.
  6070 | D:7      | 6070 ||| INVOKING Heroism.
  6108 | D:7      | 6108 ||| FLEEEEING.
  6109 | D:7      | 6109 ||| FLEEEEING.
  6110 | D:7      | 6110 ||| FLEEEEING.
  6111 | D:7      | 6111 ||| FLEEEEING.
  6112 | D:7      | 6112 ||| FLEEEEING.
  6113 | D:7      | 6113 ||| FLEEEEING.
  6114 | D:7      | 6114 ||| FLEEEEING.
  6115 | D:7      | 6115 ||| FLEEEEING.
  6116 | D:7      | 6116 ||| FLEEEEING.
  6117 | D:7      | 6117 ||| FLEEEEING.
  6118 | D:7      | 6118 ||| FLEEEEING.
  6119 | D:7      | 6119 ||| INVOKING Heroism.
  6125 | D:7      | Reached XP level 10. HP: 32/59 MP: 10/13
  6129 | D:7      | 6129 ||| Stepping ~*~*~tactically~*~*~ (stealth).
  6131 | D:7      | 6131 ||| Stepping ~*~*~tactically~*~*~ (stealth).
  6137 | D:7      | 6137 ||| INVOKING Heroism.
  6162 | D:7      | 6162 ||| FLEEEEING.
  6163 | D:7      | 6163 ||| FLEEEEING.
  6169 | D:7      | 6169 ||| FLEEEEING.
  6172 | D:7      | 6172 ||| FLEEEEING.
  6173 | D:7      | 6173 ||| FLEEEEING.
  6174 | D:7      | 6174 ||| FLEEEEING.
  6175 | D:7      | 6175 ||| FLEEEEING.
  6179 | D:7      | 6179 ||| FLEEEEING.
  6180 | D:7      | 6180 ||| FLEEEEING.
  6181 | D:7      | 6181 ||| FLEEEEING.
  6182 | D:7      | 6182 ||| FLEEEEING.
  6183 | D:7      | 6183 ||| FLEEEEING.
  6184 | D:7      | 6184 ||| FLEEEEING.
  6185 | D:7      | 6185 ||| FLEEEEING.
  6189 | D:7      | 6189 ||| FLEEEEING.
  6190 | D:7      | 6190 ||| FLEEEEING.
  6191 | D:7      | 6191 ||| FLEEEEING.
  6192 | D:7      | 6192 ||| FLEEEEING.
  6193 | D:7      | 6193 ||| FLEEEEING.
  6194 | D:7      | 6194 ||| FLEEEEING.
  6195 | D:7      | 6195 ||| FLEEEEING.
  6196 | D:7      | 6196 ||| STAIRDANCE
  6220 | D:7      | 6220 ||| STAIRDANCE
  6348 | D:7      | 6348 ||| Stepping ~*~*~tactically~*~*~ (stealth).
  6357 | D:7      | 6357 ||| Stepping ~*~*~tactically~*~*~ (stealth).
  6535 | D:7      | 6535 ||| INVOKING Heroism.
  6583 | D:7      | 6583 ||| INVOKING Heroism.
  6589 | D:7      | 6589 ||| Stepping ~*~*~tactically~*~*~ (hiding).
  6657 | D:7      | 6657 ||| UPGRADING to +5 ring of evasion.
  6658 | D:7      | 6658 ||| READING scroll labelled HIDARA FEIGOUKHLOS.
  6659 | D:7      | 6659 ||| READING 3 scrolls of identify.
  6659 | D:7      | 6659 ||| IDENTIFYING golden potion
  6660 | D:7      | 6660 ||| READING 2 scrolls of identify.
  6660 | D:7      | 6660 ||| IDENTIFYING fuming cyan potion
  6661 | D:7      | 6661 ||| DROPPING potion of berserk rage.
  6760 | D:8      | Reached skill level 11 in Shields
  6776 | D:8      | 6776 ||| Stepping ~*~*~tactically~*~*~ (stealth).
  6778 | D:8      | 6778 ||| INVOKING Heroism.
  6925 | D:8      | 6925 ||| Stepping ~*~*~tactically~*~*~ (hiding).
  6942 | D:8      | 6942 ||| Stepping ~*~*~tactically~*~*~ (hiding).
  7115 | D:8      | 7115 ||| Stepping ~*~*~tactically~*~*~ (hiding).
  7160 | D:8      | Reached skill level 6 in Fighting
  7423 | D:8      | 7423 ||| READING 2 scrolls of identify.
  7423 | D:8      | 7423 ||| IDENTIFYING viscous orange potion
  7533 | D:9      | Killed an unseen horror
  7533 | D:9      | Reached *** piety under Okawaru
  7637 | D:9      | Noticed Maurice
  7649 | D:9      | 7649 ||| INVOKING Heroism.
  7651 | D:9      | 7651 ||| Stepping ~*~*~tactically~*~*~ (hiding).
  7652 | D:9      | 7652 ||| Stepping ~*~*~tactically~*~*~ (hiding).
  7655 | D:9      | Found a shadowy altar of Dithmenos.
  7661 | D:9      | Reached skill level 9 in Axes
  7677 | D:9      | 7677 ||| INVOKING Heroism.
  7706 | D:9      | Killed Maurice
  7896 | D:9      | Reached XP level 11. HP: 57/64 MP: 14/14
  7899 | D:9      | 7899 ||| INVOKING Heroism.
  7904 | D:9      | Reached skill level 12 in Shields
  7905 | D:9      | Reached **** piety under Okawaru
  8061 | D:9      | Reached skill level 6 in Armour
  8072 | D:9      | Noticed a cyan ugly thing
  8089 | D:9      | Killed a cyan ugly thing
  8112 | D:9      | Noticed a boulder beetle
  8113 | D:9      | 8113 ||| Stepping ~*~*~tactically~*~*~ (hiding).
  8115 | D:9      | 8115 ||| INVOKING Heroism.
  8139 | D:9      | 8139 ||| INVOKING Heroism.
  8157 | D:9      | Killed a boulder beetle
  8157 | D:9      | Received a gift from Okawaru
  8360 | D:9      | Noticed a two-headed ogre
  8361 | D:9      | 8361 ||| INVOKING Heroism.
  8368 | D:9      | Killed a two-headed ogre
  8509 | D:9      | Found a broken altar of Ashenzari.
  8549 | D:9      | 8549 ||| UPGRADING to +0 cloak.
  8554 | D:9      | 8554 ||| UPGRADING to +2 pair of gloves.
  8564 | D:9      | 8564 ||| DROPPING +0 pair of gloves.
  8565 | D:9      | 8565 ||| READING scroll labelled APSAUSKOAS.
  8566 | D:9      | 8566 ||| DRINKING 2 fizzy red potions.
  8567 | D:9      | 8567 ||| READING 2 scrolls of identify.
  8567 | D:9      | 8567 ||| IDENTIFYING viscous purple potion
  8568 | D:9      | 8568 ||| DROPPING potion of flight.
  8616 | D:10     | Entered Level 10 of the Dungeon
  8646 | D:10     | 8646 ||| INVOKING Heroism.
  8680 | D:10     | Found a staircase to the Lair.
  8708 | D:10     | 8708 ||| READING scroll of enchant armour.
  8708 | D:10     | 8708 ||| ENCHANTING +1 helmet.
  8820 | D:10     | 8820 ||| READING scroll of enchant weapon.
  8820 | D:10     | 8820 ||| ENCHANTING +1 war axe.
  8912 | D:10     | 8912 ||| Stepping ~*~*~tactically~*~*~ (stealth).
  8914 | D:10     | 8914 ||| Stepping ~*~*~tactically~*~*~ (stealth).
  8916 | D:10     | 8916 ||| Stepping ~*~*~tactically~*~*~ (hiding).
  8917 | D:10     | 8917 ||| Stepping ~*~*~tactically~*~*~ (hiding).
  8918 | D:10     | 8918 ||| Stepping ~*~*~tactically~*~*~ (hiding).
  8920 | D:10     | 8920 ||| Stepping ~*~*~tactically~*~*~ (hiding).
  8975 | D:10     | 8975 ||| READING scroll labelled HOFIEXU KUEKH.
  9031 | D:10     | Found a glowing golden altar of the Shining One.
  9121 | D:10     | Reached skill level 6 in Invocations
  9373 | D:10     | 9373 ||| INVOKING Heroism.
  9402 | D:10     | 9402 ||| Stepping ~*~*~tactically~*~*~ (stealth).
  9464 | D:10     | 9464 ||| INVOKING Heroism.
  9571 | D:10     | 9571 ||| INVOKING Heroism.
  9572 | D:10     | 9572 ||| Stepping ~*~*~tactically~*~*~ (stealth).
  9574 | D:10     | 9574 ||| Stepping ~*~*~tactically~*~*~ (stealth).
  9590 | D:10     | 9590 ||| INVOKING Heroism.
  9809 | D:10     | 9809 ||| PLANNING LAIR
  9809 | D:10     | 9809 ||| DROPPING +1 hat.
  9810 | D:10     | 9810 ||| DROPPING +6 ring of strength.
  9811 | D:10     | 9811 ||| READING 4 scrolls of identify.
  9811 | D:10     | 9811 ||| IDENTIFYING pink potion
  9812 | D:10     | 9812 ||| DROPPING potion of ambrosia.
  9864 | Lair:1   | Entered Level 1 of the Lair of Beasts
  9868 | Lair:1   | 9868 ||| Stepping ~*~*~tactically~*~*~ (stealth).
  9886 | Lair:1   | Received a gift from Okawaru
  9914 | Lair:1   | 9914 ||| INVOKING Heroism.
 10019 | Lair:1   | 10019 ||| Stepping ~*~*~tactically~*~*~ (stealth).
 10022 | Lair:1   | 10022 ||| Stepping ~*~*~tactically~*~*~ (stealth).
 10033 | Lair:1   | Reached XP level 12. HP: 72/72 MP: 17/17
 10120 | Lair:1   | Noticed Fannar
 10154 | Lair:1   | 10154 ||| INVOKING Heroism.
 10161 | Lair:1   | Killed Fannar
 10324 | Lair:1   | 10324 ||| INVOKING Heroism.
 10389 | Lair:1   | Identified the +7 leather armour of Entitlement {rN+ Int+3}
 10465 | Lair:1   | 10465 ||| Stepping ~*~*~tactically~*~*~ (hiding).
 10466 | Lair:1   | 10466 ||| Stepping ~*~*~tactically~*~*~ (hiding).
 10587 | Lair:1   | 10587 ||| INVOKING Heroism.
 10593 | Lair:1   | Reached skill level 13 in Shields
 10605 | Lair:1   | 10605 ||| Stepping ~*~*~tactically~*~*~ (stealth).
 10606 | Lair:1   | 10606 ||| Stepping ~*~*~tactically~*~*~ (stealth).
 10608 | Lair:1   | 10608 ||| Stepping ~*~*~tactically~*~*~ (stealth).
 10610 | Lair:1   | 10610 ||| Stepping ~*~*~tactically~*~*~ (stealth).
 10623 | Lair:1   | Reached skill level 9 in Invocations
 11042 | Lair:2   | Found a staircase to the Shoals.
 11078 | Lair:2   | 11078 ||| INVOKING Heroism.
 11117 | Lair:2   | 11117 ||| Stepping ~*~*~tactically~*~*~ (stealth).
 11118 | Lair:2   | 11118 ||| INVOKING Heroism.
 11147 | Lair:2   | 11147 ||| INVOKING Heroism.
 11168 | Lair:2   | Reached ***** piety under Okawaru
 11170 | Lair:2   | Received a gift from Okawaru
 11290 | Lair:2   | Found a transporter.
 11290 | Lair:2   | Found a transporter.
 11338 | Lair:2   | Noticed qw's ghost (journeyman GrFi)
 11425 | Lair:2   | Identified the +6 scale mail "Uruup" {Harm Will++ Regen+
                  | Str-3} (Okawaru gifted it to you on level 2 of the Lair of
                  | Beasts)
 11425 | Lair:2   | Received a gift from Okawaru
 11465 | Lair:2   | 11465 ||| INVOKING Heroism.
 11477 | Lair:2   | Reached skill level 3 in Throwing
 11518 | Lair:2   | 11518 ||| INVOKING Heroism.
 11563 | Lair:2   | Reached XP level 13. HP: 66/78 MP: 20/20
 12023 | Lair:2   | 12023 ||| DROPPING +6 ring of intelligence.
 12112 | Lair:3   | 12112 ||| READING scroll of enchant armour.
 12112 | Lair:3   | 12112 ||| ENCHANTING +0 cloak.
 12152 | Lair:3   | 12152 ||| Stepping ~*~*~tactically~*~*~ (stealth).
 12154 | Lair:3   | 12154 ||| Stepping ~*~*~tactically~*~*~ (stealth).
 12156 | Lair:3   | 12156 ||| Stepping ~*~*~tactically~*~*~ (stealth).
 12164 | Lair:3   | 12164 ||| INVOKING Heroism.
 12165 | Lair:3   | 12165 ||| INVOKING Finesse.
 12175 | Lair:3   | 12175 ||| SWAPPING to +0 flail.
 12188 | Lair:3   | 12188 ||| SWAPPING to +2 war axe.
 12315 | Lair:3   | Found a hole to the Spider Nest.
 12473 | Lair:3   | 12473 ||| INVOKING Heroism.
 12482 | Lair:3   | Reached skill level 9 in Fighting
 12527 | Lair:3   | Reached skill level 14 in Shields
 12555 | Lair:3   | 12555 ||| INVOKING Heroism.
 12559 | Lair:3   | 12559 ||| SWAPPING to +0 flail.
 12576 | Lair:3   | 12576 ||| SWAPPING to +2 war axe.
 12774 | Lair:3   | Noticed Nergalle
 12775 | Lair:3   | 12775 ||| Stepping ~*~*~tactically~*~*~ (hiding).
 12778 | Lair:3   | 12778 ||| INVOKING Heroism.
 12799 | Lair:3   | Killed Nergalle
 13006 | Lair:3   | Noticed Sonja
 13014 | Lair:3   | 13014 ||| INVOKING Heroism.
 13015 | Abyss:2  | Cast into level 2 of the Abyss (Sonja)
 13087 | Abyss:2  | 13087 ||| Stepping ~*~*~tactically~*~*~ (stealth).
 13122 | Abyss:2  | Noticed a lich
 13123 | Abyss:2  | 13123 ||| INVOKING Heroism.
 13143 | Abyss:2  | Killed a lich
 13148 | Abyss:2  | 13148 ||| Stepping ~*~*~tactically~*~*~ (stealth).
 13148 | Abyss:2  | Noticed a bone dragon
 13149 | Abyss:2  | 13149 ||| Stepping ~*~*~tactically~*~*~ (stealth).
 13151 | Abyss:2  | 13151 ||| Stepping ~*~*~tactically~*~*~ (hiding).
 13158 | Abyss:2  | HP: 17/80 [bone dragon (5)]
 13159 | Abyss:2  | 13159 ||| DRINKING 5 potions of curing.
 13159 | Abyss:2  | 13159 ||| (to cure confusion)
 13160 | Abyss:2  | 13160 ||| READING 5 scrolls of teleportation.
 13161 | Abyss:2  | 13161 ||| DRINKING 2 potions of heal wounds.
 13162 | Abyss:2  | 13162 ||| INVOKING Heroism.
 13164 | Abyss:2  | HP: 16/80 [bone dragon (14)]
 13165 | Abyss:2  | 13165 ||| DRINKING potion of heal wounds.
 13173 | Abyss:2  | Reached skill level 12 in Axes
 13330 | Abyss:2  | Noticed a tentacled starspawn
 13339 | Abyss:2  | Killed a tentacled starspawn
 13339 | Abyss:2  | Gained mutation: You have large cloven feet. [a neqoxec]
 13346 | Abyss:2  | 13346 ||| Stepping ~*~*~tactically~*~*~ (stealth).
 13358 | Abyss:2  | 13358 ||| INVOKING Heroism.
 13468 | Abyss:2  | Reached skill level 9 in Armour
 13484 | Abyss:2  | 13484 ||| Stepping ~*~*~tactically~*~*~ (stealth).
 13485 | Abyss:2  | 13485 ||| Stepping ~*~*~tactically~*~*~ (stealth).
 13486 | Abyss:2  | 13486 ||| Stepping ~*~*~tactically~*~*~ (stealth).
 13496 | Abyss:2  | Noticed a bone dragon
 13498 | Abyss:2  | 13498 ||| Stepping ~*~*~tactically~*~*~ (stealth).
 13500 | Abyss:2  | 13500 ||| Stepping ~*~*~tactically~*~*~ (hiding).
 13507 | Abyss:2  | 13507 ||| INVOKING Heroism.
 13557 | Abyss:2  | 13557 ||| Stepping ~*~*~tactically~*~*~ (stealth).
 13627 | Abyss:2  | 13627 ||| Stepping ~*~*~tactically~*~*~ (stealth).
 13632 | Abyss:2  | Paralysed by you for 3 turns
 13645 | Abyss:2  | Received a gift from Okawaru
 13656 | Abyss:2  | 13656 ||| Stepping ~*~*~tactically~*~*~ (stealth).
 13657 | Abyss:2  | 13657 ||| Stepping ~*~*~tactically~*~*~ (stealth).
 13667 | Abyss:2  | 13667 ||| INVOKING Heroism.
 13710 | Abyss:2  | 13710 ||| Stepping ~*~*~tactically~*~*~ (stealth).
 13711 | Abyss:2  | 13711 ||| Stepping ~*~*~tactically~*~*~ (stealth).
 13722 | Abyss:2  | 13722 ||| Stepping ~*~*~tactically~*~*~ (hiding).
 13723 | Abyss:2  | 13723 ||| Stepping ~*~*~tactically~*~*~ (hiding).
 13724 | Abyss:2  | 13724 ||| Stepping ~*~*~tactically~*~*~ (hiding).
 13726 | Abyss:2  | 13726 ||| INVOKING Heroism.
 13738 | Abyss:2  | Received a gift from Okawaru
 13774 | Abyss:2  | Noticed an Executioner
 13798 | Lair:3   | Escaped the Abyss
 13815 | Lair:3   | 13815 ||| INVOKING Heroism.
 13816 | Lair:3   | 13816 ||| INVOKING Finesse.
 13820 | Lair:3   | Killed Sonja
 14159 | Lair:3   | Gained mutation: Your large and strong wings let you fly.
                  | [Gargoyle growth]
 14159 | Lair:3   | Reached XP level 14. HP: 88/88 MP: 21/21
 14222 | Lair:3   | 14222 ||| Stepping ~*~*~tactically~*~*~ (hiding).
 14291 | Lair:3   | 14291 ||| READING 5 scrolls of identify.
 14291 | Lair:3   | 14291 ||| IDENTIFYING fuming emerald potion
 14326 | Lair:4   | Noticed Rupert
 14327 | Lair:4   | 14327 ||| INVOKING Heroism.
 14360 | Lair:4   | Killed Rupert
 14379 | Lair:4   | 14379 ||| Stepping ~*~*~tactically~*~*~ (stealth).
 14382 | Lair:4   | 14382 ||| INVOKING Heroism.
 14481 | Lair:4   | 14481 ||| Stepping ~*~*~tactically~*~*~ (stealth).
 14493 | Lair:4   | 14493 ||| Stepping ~*~*~tactically~*~*~ (stealth).
 14494 | Lair:4   | 14494 ||| Stepping ~*~*~tactically~*~*~ (stealth).
 14497 | Lair:4   | 14497 ||| Stepping ~*~*~tactically~*~*~ (stealth).
 14597 | Lair:4   | 14597 ||| Stepping ~*~*~tactically~*~*~ (stealth).
 14776 | Lair:4   | 14776 ||| INVOKING Heroism.
 14781 | Lair:4   | 14781 ||| SWAPPING to +0 flail.
 14789 | Lair:4   | 14789 ||| SWAPPING to +2 war axe.
 14975 | Lair:4   | Found a staircase to the Slime Pits.
 15061 | Lair:4   | 15061 ||| Stepping ~*~*~tactically~*~*~ (stealth).
 15063 | Lair:4   | 15063 ||| Stepping ~*~*~tactically~*~*~ (cloud).
 15065 | Lair:4   | 15065 ||| Stepping ~*~*~tactically~*~*~ (hiding).
 15066 | Lair:4   | 15066 ||| Stepping ~*~*~tactically~*~*~ (hiding).
 15067 | Lair:4   | 15067 ||| Stepping ~*~*~tactically~*~*~ (hiding).
 15074 | Lair:4   | 15074 ||| Stepping ~*~*~tactically~*~*~ (cloud).
 15723 | Lair:4   | 15723 ||| READING scroll labelled VIJEIMAOK.
 15753 | Lair:5   | Entered Level 5 of the Lair of Beasts
 15754 | Lair:5   | 15754 ||| INVOKING Heroism.
 15761 | Lair:5   | Reached skill level 15 in Shields
 15762 | Lair:5   | 15762 ||| SWAPPING to +0 flail.
 15773 | Lair:5   | 15773 ||| SWAPPING to +2 heavy war axe.
 15860 | Lair:5   | 15860 ||| Stepping ~*~*~tactically~*~*~ (stealth).
 15904 | Lair:5   | 15904 ||| Stepping ~*~*~tactically~*~*~ (stealth).
 15945 | Lair:5   | Received a gift from Okawaru
 15976 | Lair:5   | 15976 ||| Stepping ~*~*~tactically~*~*~ (stealth).
 16130 | Lair:5   | 16130 ||| INVOKING Heroism.
 16131 | Lair:5   | 16131 ||| INVOKING Finesse.
 16485 | Lair:5   | 16485 ||| INVOKING Heroism.
 16526 | Lair:5   | 16526 ||| Stepping ~*~*~tactically~*~*~ (stealth).
 16561 | Lair:5   | 16561 ||| FLEEEEING.
 16652 | Lair:5   | 16652 ||| INVOKING Heroism.
 16690 | Lair:5   | 16690 ||| READING scroll of enchant armour.
 16690 | Lair:5   | 16690 ||| ENCHANTING +1 cloak.
 16708 | Lair:5   | 16708 ||| PLANNING D:1-11
 16708 | Lair:5   | 16708 ||| DROPPING ring of see invisible.
 16868 | D:11     | 16868 ||| INVOKING Heroism.
 17038 | D:11     | 17038 ||| DROPPING +0 flail.
 17252 | D:11     | 17252 ||| Stepping ~*~*~tactically~*~*~ (stealth).
 17274 | D:11     | Found a frozen archway.
 17520 | D:11     | 17520 ||| Stepping ~*~*~tactically~*~*~ (stealth).
 17523 | D:11     | 17523 ||| Stepping ~*~*~tactically~*~*~ (hiding).
 17583 | D:11     | Found a staircase to the Orcish Mines.
 17599 | D:11     | 17599 ||| INVOKING Heroism.
 17606 | D:11     | Received a gift from Okawaru
 17775 | D:11     | 17775 ||| PLANNING D
 17812 | D:12     | 17812 ||| PLANNING GAUNTLET
 17920 | D:12     | Found a runed translucent door.
 17965 | D:12     | Noticed Frances
 17966 | D:12     | 17966 ||| Stepping ~*~*~tactically~*~*~ (hiding).
 17968 | D:12     | 17968 ||| INVOKING Heroism.
 17973 | D:12     | Killed Frances
 18035 | D:12     | Reached XP level 15. HP: 92/92 MP: 22/22
 18046 | D:12     | 18046 ||| Stepping ~*~*~tactically~*~*~ (hiding).
 18063 | D:12     | 18063 ||| Stepping ~*~*~tactically~*~*~ (stealth).
 18086 | D:12     | 18086 ||| Stepping ~*~*~tactically~*~*~ (stealth).
 18144 | D:12     | Noticed Tinen's ghost (journeyman TrMo)
 18186 | D:12     | Found a gate leading to a gauntlet.
 18187 | D:12     | 18187 ||| READING 6 scrolls of identify.
 18187 | D:12     | 18187 ||| IDENTIFYING yellow potion
 18188 | D:12     | 18188 ||| DROPPING potion of degeneration.
 18193 | Gauntlet | Entered a Gauntlet
 18193 | Gauntlet | Found a transporter.
 18193 | Gauntlet | Found a transporter.
 18194 | Gauntlet | Found a transporter.
 18194 | Gauntlet | Found a transporter.
 18197 | Gauntlet | Found a transporter.
 18207 | Gauntlet | Found a transporter.
 18218 | Gauntlet | Found a transporter.
 18225 | Gauntlet | Found a transporter.
 18232 | Gauntlet | Found a transporter.
 18249 | Gauntlet | Found a transporter.
 18257 | Gauntlet | Found a transporter.
 18275 | Gauntlet | Found a transporter.
 18416 | Gauntlet | Received a gift from Okawaru
 18477 | Gauntlet | 18477 ||| INVOKING Heroism.
 18584 | Gauntlet | 18584 ||| DROPPING +1 pair of gloves of infusion.
 18715 | Gauntlet | 18715 ||| INVOKING Heroism.
 18769 | Gauntlet | 18769 ||| SWAPPING to +2 broad axe of flaming.
 18770 | Gauntlet | 18770 ||| DROPPING +0 morningstar.
 18771 | Gauntlet | 18771 ||| DROPPING +2 heavy war axe.
 18790 | Gauntlet | 18790 ||| DROPPING +0 cloak of stealth.
 18802 | D:12     | 18802 ||| PLANNING D
 19204 | D:13     | 19204 ||| INVOKING Heroism.
 19221 | D:13     | Reached skill level 16 in Shields
 19432 | D:13     | 19432 ||| Stepping ~*~*~tactically~*~*~ (hiding).
 19528 | D:13     | 19528 ||| INVOKING Heroism.
 19533 | D:13     | an eleionoma changed into a fire giant
 19533 | D:13     | Noticed a fire giant (glowing shapeshifter)
 19537 | D:13     | Killed a fire giant
 19551 | D:13     | 19551 ||| INVOKING Finesse.
 19627 | D:13     | Reached skill level 6 in Throwing
 19698 | D:13     | 19698 ||| FLEEEEING.
 19719 | D:13     | Identified the +7 hand axe of the Crafting Spider {heavy,
                  | rF- rN++ Int-2 SInv} (Okawaru gifted it to you on level 13
                  | of the Dungeon)
 19719 | D:13     | Received a gift from Okawaru
 19742 | D:13     | 19742 ||| Stepping ~*~*~tactically~*~*~ (hiding).
 19753 | D:13     | 19753 ||| INVOKING Heroism.
 19773 | D:13     | 19773 ||| INVOKING Heroism.
 19825 | D:13     | 19825 ||| FLEEEEING.
 19986 | D:13     | 19986 ||| READING scroll of enchant weapon.
 19986 | D:13     | 19986 ||| ENCHANTING +2 broad axe of flaming.
 20082 | D:13     | Found a gate to the Vaults.
 20187 | D:13     | Found a white marble altar of Elyvilon.
 20247 | D:13     | 20247 ||| DROPPING +4 ring of slaying {mikee}.
 20248 | D:13     | 20248 ||| READING scroll labelled OLUAZA FOOBO.
 20276 | D:14     | Found Wonekk's Assorted Antiques.
 20279 | D:14     | 20279 ||| BUYING potion of haste (370 gold).
 20279 | D:14     | Bought a potion of haste for 370 gold pieces
 20279 | D:14     | 20279 ||| BUYING scroll of teleportation (111 gold).
 20279 | D:14     | Bought a scroll of teleportation for 111 gold pieces
 20340 | D:14     | Found Piggu's Distillery.
 20346 | D:14     | Reached skill level 15 in Axes
 20421 | D:14     | 20421 ||| BUYING potion of curing (48 gold).
 20421 | D:14     | Bought a potion of curing for 48 gold pieces
 20421 | D:14     | 20421 ||| BUYING potion of curing (48 gold).
 20421 | D:14     | Bought a potion of curing for 48 gold pieces
 20421 | D:14     | 20421 ||| BUYING potion of lignification (48 gold).
 20421 | D:14     | Bought a potion of lignification for 48 gold pieces
 20421 | D:14     | 20421 ||| BUYING potion of magic (128 gold).
 20421 | D:14     | Bought a potion of magic for 128 gold pieces
 20421 | D:14     | 20421 ||| BUYING potion of resistance (160 gold).
 20421 | D:14     | Bought a potion of resistance for 160 gold pieces
 20483 | D:14     | 20483 ||| Stepping ~*~*~tactically~*~*~ (hiding).
 20628 | D:14     | Found Xatseoli's Magic Scroll Emporium.
 20634 | D:14     | 20634 ||| BUYING scroll of enchant armour (127 gold).
 20634 | D:14     | Bought a scroll of enchant armour for 127 gold pieces
 20634 | D:14     | 20634 ||| BUYING scroll of teleportation (51 gold).
 20634 | D:14     | Bought a scroll of teleportation for 51 gold pieces
 20634 | D:14     | 20634 ||| READING scroll of enchant armour.
 20634 | D:14     | 20634 ||| ENCHANTING +0 plate armour.
 20881 | D:14     | Found Saklopov's Book Shop.
 21034 | D:14     | 21034 ||| DROPPING +2 scale mail of cold resistance.
 21058 | D:15     | Entered Level 15 of the Dungeon
 21096 | D:15     | 21096 ||| INVOKING Finesse.
 21274 | D:15     | 21274 ||| Stepping ~*~*~tactically~*~*~ (hiding).
 21275 | D:15     | 21275 ||| Stepping ~*~*~tactically~*~*~ (hiding).
 21281 | D:15     | 21281 ||| INVOKING Heroism.
 21321 | D:15     | Reached skill level 12 in Fighting
 21324 | D:15     | Reached XP level 16. HP: 78/101 MP: 23/23
 21326 | D:15     | 21326 ||| INVOKING Heroism.
 21539 | D:15     | 21539 ||| Stepping ~*~*~tactically~*~*~ (stealth).
 21543 | D:15     | 21543 ||| Stepping ~*~*~tactically~*~*~ (stealth).
 21544 | D:15     | 21544 ||| Stepping ~*~*~tactically~*~*~ (stealth).
 21617 | D:15     | 21617 ||| INVOKING Heroism.
 21673 | D:15     | 21673 ||| FLEEEEING.
 21673 | D:15     | Found a staircase to the Depths.
 21674 | D:15     | 21674 ||| FLEEEEING.
 21675 | D:15     | 21675 ||| FLEEEEING.
 21676 | D:15     | 21676 ||| FLEEEEING.
 21677 | D:15     | 21677 ||| FLEEEEING.
 21678 | D:15     | 21678 ||| FLEEEEING.
 22075 | D:15     | 22075 ||| PLANNING ORC
 22142 | Orc:1    | Entered Level 1 of the Orcish Mines
 22206 | Orc:1    | 22206 ||| Stepping ~*~*~tactically~*~*~ (hiding).
 22300 | Orc:1    | 22300 ||| INVOKING Heroism.
 22362 | Orc:1    | 22362 ||| INVOKING Heroism.
 22363 | Orc:1    | 22363 ||| INVOKING Finesse.
 22452 | Orc:1    | 22452 ||| Stepping ~*~*~tactically~*~*~ (hiding).
 22572 | Orc:1    | Found Cueguic's Magic Scroll Boutique.
 22581 | Orc:1    | 22581 ||| BUYING scroll of enchant armour (120 gold).
 22581 | Orc:1    | Bought a scroll of enchant armour for 120 gold pieces
 22581 | Orc:1    | 22581 ||| BUYING scroll of teleportation (48 gold).
 22581 | Orc:1    | Bought a scroll of teleportation for 48 gold pieces
 22581 | Orc:1    | 22581 ||| BUYING scroll of teleportation (48 gold).
 22581 | Orc:1    | Bought a scroll of teleportation for 48 gold pieces
 22581 | Orc:1    | 22581 ||| READING scroll of enchant armour.
 22581 | Orc:1    | 22581 ||| ENCHANTING +1 plate armour.
 22613 | Orc:2    | Entered Level 2 of the Orcish Mines
 22617 | Orc:2    | 22617 ||| INVOKING Heroism.
 22660 | Orc:2    | 22660 ||| Stepping ~*~*~tactically~*~*~ (stealth).
 22664 | Orc:2    | 22664 ||| Stepping ~*~*~tactically~*~*~ (hiding).
 22675 | Orc:2    | 22675 ||| INVOKING Heroism.
 22704 | Orc:2    | Noticed Snorg
 22705 | Orc:2    | 22705 ||| Stepping ~*~*~tactically~*~*~ (hiding).
 22706 | Orc:2    | 22706 ||| Stepping ~*~*~tactically~*~*~ (hiding).
 22717 | Orc:2    | 22717 ||| INVOKING Heroism.
 22728 | Orc:2    | Killed Snorg
 22728 | Orc:2    | Received a gift from Okawaru
 22949 | Orc:2    | 22949 ||| Stepping ~*~*~tactically~*~*~ (stealth).
 22961 | Orc:2    | 22961 ||| Stepping ~*~*~tactically~*~*~ (hiding).
 22962 | Orc:2    | 22962 ||| Stepping ~*~*~tactically~*~*~ (hiding).
 22965 | Orc:2    | 22965 ||| INVOKING Heroism.
 22990 | Orc:2    | 22990 ||| Stepping ~*~*~tactically~*~*~ (hiding).
 22991 | Orc:2    | 22991 ||| Stepping ~*~*~tactically~*~*~ (hiding).
 23015 | Orc:2    | 23015 ||| INVOKING Heroism.
 23031 | Orc:2    | Received a gift from Okawaru
 23057 | Orc:2    | Found Azuepey's Weapon Boutique.
 23057 | Orc:2    | Found Gamugoh's Book Shoppe.
 23059 | Orc:2    | Found Neulavvu's Armour Boutique.
 23059 | Orc:2    | Found Wedwet's Antique Weapon Shoppe.
 23096 | Orc:2    | 23096 ||| INVOKING Heroism.
 23100 | Orc:2    | 23100 ||| Stepping ~*~*~tactically~*~*~ (hiding).
 23110 | Orc:2    | 23110 ||| Stepping ~*~*~tactically~*~*~ (stealth).
 23129 | Orc:2    | 23129 ||| Stepping ~*~*~tactically~*~*~ (stealth).
 23130 | Orc:2    | 23130 ||| Stepping ~*~*~tactically~*~*~ (stealth).
 23134 | Orc:2    | 23134 ||| Stepping ~*~*~tactically~*~*~ (hiding).
 23168 | Orc:2    | Found a staircase to the Elven Halls.
 23206 | Orc:2    | Found Hetafez's Distillery.
 23211 | Orc:2    | 23211 ||| BUYING 2 potions of curing (90 gold).
 23211 | Orc:2    | Bought 2 potions of curing for 90 gold pieces
 23211 | Orc:2    | 23211 ||| BUYING 2 potions of lignification (90 gold).
 23211 | Orc:2    | Bought 2 potions of lignification for 90 gold pieces
 23211 | Orc:2    | 23211 ||| BUYING potion of attraction (45 gold).
 23211 | Orc:2    | Bought a potion of attraction for 45 gold pieces
 23211 | Orc:2    | 23211 ||| BUYING potion of attraction (45 gold).
 23211 | Orc:2    | Bought a potion of attraction for 45 gold pieces
 23211 | Orc:2    | 23211 ||| BUYING potion of lignification (45 gold).
 23211 | Orc:2    | Bought a potion of lignification for 45 gold pieces
 23211 | Orc:2    | 23211 ||| BUYING potion of lignification (45 gold).
 23211 | Orc:2    | Bought a potion of lignification for 45 gold pieces
 23211 | Orc:2    | 23211 ||| BUYING potion of might (60 gold).
 23211 | Orc:2    | Bought a potion of might for 60 gold pieces
 23319 | Orc:2    | 23319 ||| PLANNING SPIDER:1-3
 23469 | Spider:1 | Entered Level 1 of the Spider Nest
 23520 | Spider:1 | 23520 ||| Stepping ~*~*~tactically~*~*~ (stealth).
 23521 | Spider:1 | 23521 ||| Stepping ~*~*~tactically~*~*~ (stealth).
 23522 | Spider:1 | 23522 ||| Stepping ~*~*~tactically~*~*~ (stealth).
 23546 | Spider:1 | 23546 ||| INVOKING Heroism.
 23609 | Spider:1 | Reached skill level 17 in Shields
 23645 | Spider:1 | 23645 ||| Stepping ~*~*~tactically~*~*~ (stealth).
 23665 | Spider:1 | 23665 ||| Stepping ~*~*~tactically~*~*~ (stealth).
 23680 | Spider:1 | 23680 ||| DRINKING 12 potions of curing.
 23680 | Spider:1 | 23680 ||| (to cure confusion)
 23684 | Spider:1 | 23684 ||| DRINKING 11 potions of curing.
 23684 | Spider:1 | 23684 ||| (to cure confusion)
 23701 | Spider:1 | 23701 ||| Stepping ~*~*~tactically~*~*~ (stealth).
 23721 | Spider:1 | Received a gift from Okawaru
 23768 | Spider:1 | 23768 ||| Stepping ~*~*~tactically~*~*~ (stealth).
 23772 | Spider:1 | 23772 ||| Stepping ~*~*~tactically~*~*~ (stealth).
 23773 | Spider:1 | 23773 ||| Stepping ~*~*~tactically~*~*~ (stealth).
 23785 | Spider:1 | 23785 ||| Stepping ~*~*~tactically~*~*~ (stealth).
 23786 | Spider:1 | 23786 ||| Stepping ~*~*~tactically~*~*~ (stealth).
 23797 | Spider:1 | 23797 ||| Stepping ~*~*~tactically~*~*~ (hiding).
 23801 | Spider:1 | 23801 ||| Stepping ~*~*~tactically~*~*~ (hiding).
 23898 | Spider:1 | 23898 ||| INVOKING Heroism.
 23927 | Spider:1 | 23927 ||| Stepping ~*~*~tactically~*~*~ (stealth).
 23933 | Spider:1 | Reached skill level 12 in Armour
 23959 | Spider:1 | 23959 ||| Stepping ~*~*~tactically~*~*~ (stealth).
 23997 | Spider:1 | 23997 ||| Stepping ~*~*~tactically~*~*~ (stealth).
 24005 | Spider:1 | Identified the +5 hand crossbow "Joviv" {speed, Int+5
                  | Dex+4} (Okawaru gifted it to you on level 1 of the Spider
                  | Nest)
 24005 | Spider:1 | Received a gift from Okawaru
 24140 | Spider:1 | 24140 ||| INVOKING Heroism.
 24299 | Spider:1 | 24299 ||| INVOKING Heroism.
 24508 | Spider:1 | 24508 ||| Stepping randomly (disturbance).
 24509 | Spider:1 | 24509 ||| Stepping randomly (disturbance).
 24511 | Spider:1 | 24511 ||| Stepping ~*~*~tactically~*~*~ (stealth).
 24533 | Spider:1 | HP: 23/101 [something (12)]
 24534 | Spider:1 | HP: 6/101 [something (9)]
 24537 | Spider:1 | Slain by a ghost moth

Levels and vault maps discovered:
D:1:      lemuel_arrival_behind_the_door_large, layout_basic, minmay_hexomino_c4
D:2:      layout_rooms
D:3:      layout_rooms, nicolae_ru_sacrificial_ziggurat,
          kennysheep_orc_sif_temple, bloody_makhleb, roderic_roman_lattice,
          hangedman_decor_lopped
D:4:      layout_cave_pods, nicolae_overflow_hidden_temple,
          nicolae_qazlal_style_of_elements, serial_park, serial_park_square1
          [serial_park_minivault_5x5_4], serial_park_tiny_pond,
          serial_park_square1 [serial_park_minivault_5x5_7], uniq_robin,
          uniq_pikel, uniq_crazy_yiuf_cottage
D:5:      layout_loops_corners, okawaru_gym_becter,
          mainiacjoe_overflow_concentric_impassable,
          nicolae_ossuary_entry_monument, uniq_eustachio
D:6:      minmay_diamond_boxcup, layout_cave_pools, grunt_gozag_statues,
          minmay_misc_feat_rugged, dk_noncrumbling_3, uniq_maggie, uniq_sigmund
D:7:      layout_rooms, minmay_temple_entry_large_hall,
          nicolae_nh_ransacked_shop
D:8:      layout_basic
D:9:      layout_layer_cave, kennysheep_mini, nicolae_dithmenos_shadow_blocks,
          hangedman_corner_corridor, uniq_maurice
D:10:     lemuel_reptile_caves, layout_grid_maze, tso_metal_star,
          grunt_lair_entry_orc_guard_hut
D:11:     layout_grid_maze, kennysheep_orc_monster_closet_entryway,
          portal_ice_cave_entry_imps
D:12:     layout_roguey, hellmonk_ghost_happy_afterlife, gauntlet_entry_generic,
          uniq_frances
D:13:     minmay_mutant_horseshoe, layout_rooms, grunt_vaults_entry_tiered,
          nicolae_elyvilon_temple_path
D:14:     layout_irregular_city, serial_shops, nicolae_shop_industrial_runoff,
          nicolae_shop_hallway_plus, shop, nicolae_stop_n_shop_2,
          serial_park_tiny_pond
D:15:     gammafunk_depths_entry_grave, layout_basic, minmay_misc_feat_iff
Lair:1:   layout_roguey, uniq_fannar
Lair:2:   layout_small_grid, elwin_shoals_entry_rooms, nzn_ghost_randoct,
          grunt_megastairs_3, serial_bayou_shore_b
Lair:3:   layout_regular_city, spider_nest_entry_a, eino_house_with_fridge,
          lemuel_fruit_tree, uniq_nergalle, uniq_sonja
Lair:4:   layout_cave_pods, minmay_slime_entry_pillars, uniq_rupert
Lair:5:   guppyfry_lair_end_dragon, layout_hall_layers
Spider:1: layout_spider_delve, nicolae_spider_paper_wasps
Orc:1:    layout_diamond_mine, serial_shops, shop
Orc:2:    grunt_orc_tribal_feast, layout_caves, serial_shops, shop, uniq_snorg

Skill      XL: |  1  2  3  4  5  6  7  8  9 10 11 12 13 14 15 16 |
---------------+-------------------------------------------------+-----
Axes           | 2 3 4 5 7 9 10 11 12 14 15 16 | 16.5
Shields        | 5 6 9 10 11 12 13 14 15 16 17 | 17.0
Throwing       | 1 2 3 5 6 |  6.0
Invocations    | 3 4 7 10 | 10.0
Fighting       | 4 5 6 7 8 10 12 | 12.0
Dodging        | 1 2 |  2.2
Armour         | 4 5 7 8 9 10 11 12 | 12.0

Action                     |  1- 3 |  4- 6 |  7- 9 | 10-12 | 13-15 | 16-18 || total
---------------------------+-------+-------+-------+-------+-------+-------++-------
  Melee: War axe           |    91 |   185 |   367 |   831 |   836 |       ||  2310
         Kick              |       |       |       |       |   310 |   178 ||   488
         Flail             |       |       |       |       |    45 |       ||    45
         Broad axe         |       |       |       |       |   320 |   504 ||   824
  Throw: Boomerang         |       |    16 |       |    66 |    79 |    79 ||   240
         Javelin           |       |       |    20 |    51 |    84 |     6 ||   161
 Invoke: Heroism           |       |       |     9 |    24 |    29 |    14 ||    76
         Finesse           |       |       |       |       |     5 |     1 ||     6
    Use: Scroll            |     6 |     4 |     9 |    10 |     9 |     1 ||    39
         Potion            |     3 |       |     3 |     1 |     3 |     2 ||    12
   Stab: Petrified         |       |       |       |       |    17 |       ||    17
 Armour: Scale mail        |    26 |       |       |       |       |       ||    26
         Chain mail        |    11 |   179 |   203 |       |       |       ||   393
         Skin              |       |     3 |       |       |       |       ||     3
         Plate armour      |       |       |    17 |   270 |   525 |   160 ||   972
  Dodge: Dodged            |    43 |    49 |    66 |   127 |   325 |    94 ||   704
  Block: Buckler           |    12 |    16 |       |       |       |       ||    28
         Tower shield      |       |   112 |   475 |   951 |  1714 |   586 ||  3838
         Reflection        |       |       |       |    20 |    56 |     1 ||    77

Table legend:
 A = Non-vault XP
 B = Vault XP
 C = Vault XP percentage of total XP
 D = Non-vault monster count
 E = Vault monster count
 F = Vault count percentage of total count
                 A         B        C        D         E       F
            +---------+---------+-------+---------+---------+-------
      Total |  115688 |   56591 |  32.8 |     524 |     283 |  35.1
            +---------+---------+-------+---------+---------+-------
        D:1 |      41 |      11 |  21.2 |      22 |       9 |  29.0
        D:2 |      35 |       0 |   0.0 |      11 |       0 |   0.0
        D:3 |      93 |      38 |  29.0 |      29 |       2 |   6.5
        D:4 |     116 |     667 |  85.2 |      15 |      14 |  48.3
        D:5 |     388 |     202 |  34.2 |       6 |       1 |  14.3
        D:6 |     756 |    1269 |  62.7 |       6 |      10 |  62.5
        D:7 |    1697 |      88 |   4.9 |      34 |       4 |  10.5
        D:8 |    1668 |       0 |   0.0 |      30 |       0 |   0.0
        D:9 |    3570 |    2362 |  39.8 |      17 |       7 |  29.2
       D:10 |     864 |    2593 |  75.0 |      12 |      35 |  74.5
       D:11 |    4457 |    1352 |  23.3 |      26 |      32 |  55.2
       D:12 |    4595 |    1446 |  23.9 |      20 |       1 |   4.8
       D:13 |    8257 |   11240 |  57.6 |      20 |      29 |  59.2
       D:14 |    5765 |       0 |   0.0 |      13 |       0 |   0.0
       D:15 |    8116 |    6006 |  42.5 |      15 |       8 |  34.8
     Lair:1 |    5731 |     886 |  13.4 |      24 |       1 |   4.0
     Lair:2 |    7080 |    1533 |  17.8 |      23 |       4 |  14.8
     Lair:3 |    7161 |    2668 |  27.1 |      20 |      17 |  45.9
     Lair:4 |    5375 |    2397 |  30.8 |      20 |       5 |  20.0
     Lair:5 |    9544 |    3719 |  28.0 |      30 |      13 |  30.2
   Spider:1 |   19153 |    3256 |  14.5 |      52 |       4 |   7.1
      Orc:1 |    3560 |       0 |   0.0 |      12 |       0 |   0.0
      Orc:2 |    3561 |    8399 |  70.2 |      34 |      31 |  47.7
    Abyss:2 |   13149 |       0 |   0.0 |      30 |       0 |   0.0
    Ossuary |       0 |     506 | 100.0 |       0 |      37 | 100.0
   Gauntlet |     956 |    5953 |  86.2 |       3 |      19 |  86.4
            +---------+---------+-------+---------+---------+-------
